 Dungeon Sprint DCSS version bcrawl-1.20 (webtiles) character file.

Game seed: 12963167347413219049

368 Freyura the Twirler (level 6, 0/52 HPs)
             Began as a Demonspawn Gladiator on Jan 21, 2020.
             Was a Follower of Lugonu.
             Slain by a hornet (8 damage)
             ... in the Dungeon (Sprint IX: "|||||||||||||||||||||||||||||").
             The game lasted 00:03:18 (231 turns).

Freyura the Twirler (Demonspawn Gladiator)           Turns: 231, Time: 00:03:19

Health: 0/52       AC: 13    Str: 15    XL:     6   Next: 41%
Magic:  5/10       EV: 10    Int:  9    God:    Lugonu [*.....]
Gold:   0          SH:  0    Dex: 22    Spells: 5/5 levels left

rFire    . . .     SeeInvis .   p - +0 lajatang
rCold    . . .     Gourm    .   (shield currently unavailable)
rNeg     . . .     Faith    .   q - +1 chain mail
rPois    .         Spirit   .   (helmet restricted)
rElec    .         Reflect  .   (no cloak)
rCorr    .         Harm     .   (no gloves)
MR       .....     NoTele   +   (no boots)
Stlth    ..........             (no amulet)
HPRegen  0.17/turn              c - +3 ring of dexterity
MPRegen  0.12/turn              o - +3 ring of dexterity

@: lethally poisoned (0 -> -14), slowed, very slow
A: horns 2, yellow scales 1, nightstalker 1
a: Bend Space, Renounce Religion


You were in the Dungeon.
You worshipped Lugonu.
Lugonu was aware of your devotion.
You were not hungry.

You visited 1 branch

Inventory:

Hand Weapons
 a - a +0 quarterstaff
 p - a +0 lajatang (weapon)
Missiles
 d - 3 throwing nets (quivered) {!f}
Armour
 q - a +1 chain mail (worn)
Jewellery
 c - a +3 ring of dexterity (left hand)
 o - a +3 ring of dexterity (right hand)
Wands
 n - a wand of acid (9)
Scrolls
 k - 2 scrolls of blinking
 l - 3 scrolls of remove curse
 m - 2 scrolls of amnesia
Potions
 f - 4 potions of curing
 g - a potion of heal wounds
 h - a potion of haste
 i - 4 potions of magic
 j - a potion of invisibility
Comestibles
 e - a ration {!d}


   Skills:
 + Level 5.8 Fighting
 * Level 7.8 Staves
 - Level 1.7 Throwing
 + Level 6.0 Armour
 + Level 5.7 Dodging
 + Level 5.6 Invocations


You had 5 spell levels left.
You didn't know any spells.
Your spell library was empty.

Dungeon Overview and Level Annotations

Branches:
Dungeon (1/1)

Altars:
Cheibriados
Dithmenos
Elyvilon
Fedhas
Gozag
Hepliaklqana
Kikubaaqudgha
Lugonu
Makhleb
Nemelex Xobeh
Okawaru
Qazlal
Ru
Sif Muna
Trog
Uskayaw
Vehumet
Wu Jian
Xom
Yredelemnul
Zin
The Shining One
Beogh
Jiyva


Innate Abilities, Weirdness & Mutations

You have a pair of horns on your head.
You are partially covered in yellow scales. (AC +2)
You are slightly more attuned to the shadows.


Message History

The hornet is heavily wounded.
You feel yourself speed up. The hornet stings you.
You are poisoned.
You feel yourself slow down. The hornet stings you!
* * * LOW HITPOINT WARNING * * *
You closely miss the hornet.
The hornet is heavily wounded.
You feel sick. The hornet closely misses you.
The hornet stings you but does no damage.
The hornet stings you.
* * * LOW HITPOINT WARNING * * *
You are lethally poisoned!
You feel as though you will be slow longer.
You closely miss the hornet.
You headbutt the hornet, but do no damage.
The hornet is heavily wounded.
* * * LOW HITPOINT WARNING * * *
You feel sick. The hornet closely misses you. The hornet stings you!
You die...

▓.▓
▓.▓
▓|▓
▓)▓
▓[▓
▓[▓
▓[▓
▓.▓
▓@▓
▓y▓
▓S▓
▓T▓
▓F▓
▓Z▓
▓.▓


You could see a troll, a hornet, a bullfrog, an adder and a bat zombie.

Vanquished Creatures
  A gargoyle (D)
  A scorpion (D)
  An iguana (D)
  2 dart slugs (D)
  An orc (D)
  A giant cockroach (D)
  A hobgoblin (D)
  A kobold (D)
  A quokka (D)
  A bat (D)
11 creatures vanquished.

Vanquished Creatures (others)
  A spatial maelstrom (D)
1 creature vanquished.

Grand Total: 12 creatures vanquished

Notes
Turn   | Place    | Note
-------+----------+-------------------------------------------
     0 | D        | Freyura the Demonspawn Gladiator began the quest for the
                  | Orb.
     0 | D        | Reached XP level 1. HP: 16/16 MP: 1/1
     1 | D        | Banished a spatial maelstrom
     8 | D        | Reached skill level 3 in Staves
     8 | D        | Reached skill level 1 in Armour
    85 | D        | Noticed a scorpion
    85 | D        | Noticed an iguana
    89 | D        | Gained mutation: You have a pair of small horns on your
                  | head. [demonic ancestry]
    89 | D        | Reached XP level 2. HP: 23/23 MP: 2/2
    91 | D        | Killed a scorpion
    91 | D        | Reached skill level 4 in Staves
    91 | D        | Gained mutation: You are slightly more attuned to the
                  | shadows. [demonic ancestry]
    91 | D        | Reached XP level 3. HP: 29/29 MP: 3/3
    94 | D        | Reached skill level 5 in Staves
    94 | D        | Gained mutation: You are partially covered in yellow
                  | scales. (AC +2) [demonic ancestry]
    94 | D        | Reached XP level 4. HP: 37/37 MP: 4/4
   105 | D        | Found a roughly hewn altar of Beogh.
   105 | D        | Found a snail-covered altar of Cheibriados.
   105 | D        | Found a shadowy altar of Dithmenos.
   105 | D        | Found a white marble altar of Elyvilon.
   105 | D        | Found a blossoming altar of Fedhas.
   106 | D        | Found an opulent altar of Gozag.
   107 | D        | Found a hazy altar of Hepliaklqana.
   108 | D        | Found a viscous altar of Jiyva.
   109 | D        | Found an ancient bone altar of Kikubaaqudgha.
   110 | D        | Found a corrupted altar of Lugonu.
   111 | D        | Found a burning altar of Makhleb.
   112 | D        | Found a sparkling altar of Nemelex Xobeh.
   113 | D        | Found an iron altar of Okawaru.
   114 | D        | Found a stormy altar of Qazlal.
   115 | D        | Found a sacrificial altar of Ru.
   116 | D        | Found a shimmering blue altar of Sif Muna.
   117 | D        | Found a bloodstained altar of Trog.
   118 | D        | Found a hide-covered altar of Uskayaw.
   119 | D        | Found a radiant altar of Vehumet.
   120 | D        | Found an ornate altar of the Wu Jian Council.
   121 | D        | Found a shimmering altar of Xom.
   122 | D        | Found a basalt altar of Yredelemnul.
   123 | D        | Found a glowing silver altar of Zin.
   124 | D        | Found a glowing golden altar of the Shining One.
   140 | D        | Got the +2 halberd of Masewoc {antimagic, Int+2}
   190 | D        | Became a worshipper of Lugonu the Unformed
   215 | D        | Noticed a gargoyle
   215 | D        | Noticed a hornet
   215 | D        | Noticed a troll
   219 | D        | Noticed a bullfrog
   226 | D        | Killed a gargoyle
   226 | D        | Reached skill level 5 in Fighting
   226 | D        | Reached skill level 7 in Staves
   226 | D        | Reached skill level 5 in Dodging
   226 | D        | Reached skill level 5 in Invocations
   226 | D        | Reached XP level 5. HP: 28/46 MP: 4/9
   226 | D        | Gained mutation: You have a pair of horns on your head.
                  | [demonic ancestry]
   226 | D        | Reached XP level 6. HP: 32/52 MP: 4/10
   231 | D        | Slain by a hornet

Skill      XL: |  1  2  3  4 |
---------------+-------------+-----
Staves         | 3 4 5 7 |  7.8
Armour         | 1 3 4 6 |  6.0
Dodging        | 3 4 5 |  5.7
Fighting       | 3 5 |  5.8
Invocations    | 5 |  5.6
Throwing       | |  1.7

Action                   |  1- 3 |  4- 6 || total
-------------------------+-------+-------++-------
Melee: Quarterstaff      |    23 |     4 ||    27
       Lajatang          |       |    12 ||    12
       Headbutt          |       |     5 ||     5
Evoke: Wand              |       |     1 ||     1
  Use: Potion            |     1 |     3 ||     4
Armor: Leather armour    |     6 |       ||     6
       Chain mail        |       |     3 ||     3
Dodge: Dodged            |    11 |     7 ||    18
